 Dungeon Crawl Stone Soup version 0.27.0-1-g7a089689b8 (webtiles) character file.

Game seed: 5270228914640552184

1748 fiver49 the Cleaver (level 9, -2/61 HPs)
             Began as a Formicid Warper on Aug 2, 2021.
             Was a Priest of Sif Muna.
             Slain by a killer bee (6 damage)
             ... on level 7 of the Dungeon.
             The game lasted 00:23:19 (11885 turns).

fiver49 the Cleaver (Formicid Warper)              Turns: 11885, Time: 00:23:20

Health: -2/61      AC:  6    Str: 19    XL:     9   Next: 26%
Magic:  12/12      EV:  8    Int: 19    God:    Sif Muna [***...]
Gold:   247        SH:  7    Dex: 10    Spells: 7/12 levels left

rFire    . . .     SeeInvis +   a - +1 lajatang (flame)
rCold    . . .     Faith    .   A - +0 kite shield
rNeg     . . .     Spirit   .   C - +2 leather armour {rPois}
rPois    +         Reflect  .   (helmet unavailable)
rElec    .         Harm     .   z - scarf {repulsion}
rCorr    .         Rampage  .   (no gloves)
Will     .....                  E - +0 pair of boots
Stlth    ++........             (no amulet)
HPRegen  0.20/turn              w - ring "Iduseojo" {Int+6 Stlth+}
MPRegen  0.13/turn              (no ring)

@: repel missiles
A: permanent stasis, dig shafts and tunnels, antennae 3, four strong arms
a: Dig, Shaft Self, Renounce Religion, Channel Magic, Forget Spell


You were on level 7 of the Dungeon.
You worshipped Sif Muna.
Sif Muna was most pleased with you.
You visited 1 branch of the dungeon, and saw 7 of its levels.

You collected 1389 gold pieces.
You spent 1142 gold pieces at shops.

Inventory:

Hand Weapons
 a - a +1 lajatang of flaming (weapon)
 q - a +8 club
 x - a +0 hand axe
Missiles
 c - 5 boomerangs of dispersal
 y - 3 throwing nets
Armour
 b - a +0 leather armour
 e - a +3 leather armour
 z - a scarf of repulsion (worn)
 A - a +0 kite shield (worn)
 C - a +2 leather armour of poison resistance (worn)
 E - a +0 pair of boots (worn)
Jewellery
 w - the ring "Iduseojo" (left hand) {Int+6 Stlth+}
   (You acquired it on level 5 of the Dungeon)

   [ring of intelligence]

   Int:       It affects your intelligence (+6).
   Stlth:     It makes you more stealthy.
Scrolls
 f - a scroll of immolation {unknown}
 j - a scroll of torment {unknown}
 l - a scroll of enchant weapon {unknown}
 m - a scroll of magic mapping {unknown}
 o - 3 scrolls of teleportation {unknown}
 u - a scroll of noise {unknown}
 B - a scroll of brand weapon {unknown}
Potions
 g - a potion of experience {unknown}
 h - 2 potions of mutation {unknown}
 i - 2 potions of cancellation
 n - a potion of might {unknown}
 r - a potion of berserk rage
 s - a potion of brilliance {unknown}
 t - a potion of degeneration {unknown}
 v - 2 potions of heal wounds {unknown}
 D - a potion of attraction {unknown}


   Skills:
 - Level 2.1 Fighting
 - Level 8.4 Axes
 * Level 6.2 Staves
 - Level 1.0 Throwing
 - Level 1.1 Armour
 - Level 1.7 Dodging
 - Level 2.1 Spellcasting
 - Level 2.6 Translocations
 + Level 5.6 Poison Magic


You had 7 spell levels left.
You knew the following spells:

 Your Spells              Type           Power      Damage    Failure   Level
a - Sting                 Tmut/Pois      48%        1d5       41%         1
b - Olgreb's Toxic Radia  Pois           23%        N/A       80%         4

Your spell library contained the following spells:

 Spells                   Type           Power      Damage    Failure   Level
 Poisonous Vapours        Pois/Air       24%        N/A       54%         2
 Foxfire                  Conj/Fire      8%         2x1d4     80%         1
 Gell's Gravitas          Tloc           6%         N/A       80%         3
 Lesser Beckoning         Tloc           6%         N/A       80%         3
 Teleport Other           Tloc           12%        N/A       80%         3
 Ignite Poison            Fire/Tmut/Pois 9%         N/A       88%         3
 Portal Projectile        Hex/Tloc       14%        N/A       94%         3
 Call Canine Familiar     Summ           2%         N/A       99%         3
 Conjure Flame            Conj/Fire      2%         6-21      99%         3
 Inner Flame              Hex/Fire       2%         N/A       99%         3
 Leda's Liquefaction      Hex/Erth       1%         N/A       100%        4
 Sticky Flame             Conj/Fire      2%         2d3       100%        4
 Blade Hands              Tmut           1%         N/A       100%        5
 Excruciating Wounds      Necr           1%         N/A       100%        5
 Manifold Assault         Tloc           12%        N/A       100%        5
 Blink                    Tloc           Unusable   N/A       N/A         2

Dungeon Overview and Level Annotations

Branches:
Dungeon (7/15)
 Temple: D:4-7

Altars:
Sif Muna
Zin

Shops:
D:2 :   D:5 (

Annotations:
D:3 Grinder, Sigmund
D:5 2 transporters, ZombieSheep's ghost, amateur HOFi


Innate Abilities, Weirdness & Mutations

You cannot be hasted, slowed, berserked, paralysed or teleported.
You can dig through walls and to a lower floor.
You have a pair of large antennae on your head. (SInv)
Your four strong arms can wield two-handed weapons with a shield.


Message History

The killer bee stings you.
* * * LOW HITPOINT WARNING * * *
The killer bee barely misses you. x2; The killer bee closely misses you.
An orc comes into view. It is wielding a +0 whip.
The killer bee stings you but does no damage.
The orc wizard moves out of view.
Your Staves skill increases to level 6!
It was a potion of cancellation.
You feel magically purged. The killer bee stings you.
* * * LOW HITPOINT WARNING * * *
The killer bee closely misses you. You block the killer bee's attack.
The killer bee barely misses you. The killer bee closely misses you. x2
The killer bee barely misses you. The killer bee stings you.
* * * LOW HITPOINT WARNING * * *
You are lethally poisoned!
The killer bee poisons you!
You feel better.
The killer bee buzzes angrily.
The killer bee stings you.
* * * LOW HITPOINT WARNING * * *
The killer bee completely misses you. You block the killer bee's attack. x2
The killer bee stings you but does no damage.
The killer bee closely misses you. You block the killer bee's attack.
The killer bee barely misses you.
It was a potion of berserk rage.
Your stasis prevents you from going berserk.
The killer bee stings you but does no damage.
You block the killer bee's attack. The killer bee closely misses you. x2
The killer bee barely misses you. The killer bee stings you.
* * * LOW HITPOINT WARNING * * *
A black bear comes into view.
The killer bee closely misses you. The killer bee barely misses you.
You feel better. The killer bee stings you.
* * * LOW HITPOINT WARNING * * *
The killer bee barely misses you.
The killer bee stings you but does no damage.
You block the killer bee's attack.
The killer bee stings you but does no damage.
The killer bee stings you.
You die...

....###.......#.........#
....# #...##..#.#.......
..... #..<............# y
.....#................#####..
....#...................#.>..
##...^....[.#$.........#
#....###....y.oo..h....
#....##...y†yo.#...## {
..##....#y@y#.....# { ##
.....#.........#
....##.........# #...
#.........# #...##...... {
#######.....#{ ##...## ...#


You could see a black bear (wandering), 5 killer bees, an orc wizard and 2 orcs.

Vanquished Creatures
  A black bear (D:7)
  An ogre (D:5)
  A phantom (D:5)
  A gnoll sergeant (D:6)
  A scorpion (D:4)
  A wyvern skeleton (D:6)
  A water moccasin skeleton (D:6)
  4 wights (D:5)
  2 howler monkeys (D:4)
  A centaur zombie (D:6)
  3 bullfrog zombies
  7 hounds
  A jelly (D:4)
  2 orc priests
  A gnoll shaman (D:6)
  Natasha (thrice) (D:2)
  5 iguanas
  Ijyb (D:4)
  3 orc wizards
  A hound skeleton (D:4)
  17 gnolls
  2 adders
  3 worms (D:2)
  5 dart slugs
  6 orcs
  3 endoplasms
  4 giant cockroaches
  7 goblins
  8 hobgoblins
  6 jackals
  6 quokkas
  5 ball pythons
  5 bats
  3 frilled lizards
  6 kobolds
  3 rats
130 creatures vanquished.

Vanquished Creatures (others)
  A jackal (D:6)
  A plant (D:5)
2 creatures vanquished.

Grand Total: 132 creatures vanquished

Notes
Turn   | Place    | Note
-------+----------+-------------------------------------------
     0 | D:1      | fiver49 the Formicid Warper began the quest for the Orb.
     0 | D:1      | Reached XP level 1. HP: 16/16 MP: 3/3
   233 | D:1      | Reached XP level 2. HP: 16/22 MP: 5/5
   527 | D:1      | Reached skill level 3 in Axes
   974 | D:1      | Reached XP level 3. HP: 17/27 MP: 6/6
  1453 | D:1      | Found a faded altar of an unknown god.
  1461 | D:1      | Became a worshipper of Sif Muna the Loreminder
  1461 | D:1      | Reached * piety under Sif Muna
  2347 | D:2      | Reached skill level 4 in Axes
  2347 | D:2      | Reached XP level 4. HP: 33/33 MP: 7/7
  2351 | D:2      | Noticed Natasha
  2361 | D:2      | Killed Natasha
  2520 | D:2      | Found Gehodo's Book Boutique.
  2567 | D:2      | Noticed Natasha
  2587 | D:2      | Killed Natasha
  2588 | D:2      | Reached XP level 5. HP: 5/38 MP: 8/8
  2947 | D:2      | Noticed Natasha
  2963 | D:2      | Killed Natasha
  2964 | D:2      | Reached skill level 5 in Axes
  3478 | D:3      | Noticed Sigmund
  3510 | D:3      | Noticed Grinder
  4580 | D:4      | Noticed Ijyb
  4595 | D:4      | Reached XP level 6. HP: 41/44 MP: 9/9
  4607 | D:4      | Killed Ijyb
  4608 | D:4      | Reached skill level 6 in Axes
  4842 | D:4      | Reached ** piety under Sif Muna
  5331 | D:4      | Reached skill level 7 in Axes
  5331 | D:4      | Reached XP level 7. HP: 32/50 MP: 10/10
  6424 | D:5      | Entered Level 5 of the Dungeon
  6690 | D:5      | Found Ujiulu's Hydra Hut.
  6698 | D:5      | Noticed a four-headed hydra
  6877 | D:5      | Reached skill level 8 in Axes
  7059 | D:5      | Found a transporter.
  7063 | D:5      | Noticed ZombieSheep's ghost (amateur HOFi)
  7522 | D:5      | Found a transporter.
  7534 | D:5      | Found a glowing silver altar of Zin.
  7536 | D:5      | Found Zin's Purification Station.
  7540 | D:5      | Bought a potion of curing for 90 gold pieces
  7540 | D:5      | Identified 3 scrolls of acquirement
  7540 | D:5      | Acquired 344 gold pieces
  7541 | D:5      | Acquired 788 gold pieces
  7542 | D:5      | Acquired the ring "Iduseojo" {Int+6 Stlth+}
  7699 | D:2      | Bought a Young Poisoner's Handbook for 280 gold pieces
  7699 | D:2      | Bought an Everburning Encyclopedia for 364 gold pieces
  7791 | D:5      | Bought a +1 lajatang of flaming for 408 gold pieces
  7794 | D:5      | Learned a level 1 spell: Sting
  7799 | D:5      | Learned a level 4 spell: Olgreb's Toxic Radiance
  8052 | D:5      | Reached XP level 8. HP: 38/56 MP: 11/11
  8275 | D:5      | Reached skill level 1 in Staves
  8275 | D:5      | Reached skill level 1 in Poison Magic
 10739 | D:6      | Reached skill level 5 in Staves
 10739 | D:6      | Reached XP level 9. HP: 60/61 MP: 12/12
 11019 | D:6      | Reached *** piety under Sif Muna
 11320 | D:5      | Reached skill level 5 in Poison Magic
 11882 | D:7      | HP: 3/61 [killer bee (3)]
 11885 | D:7      | Slain by a killer bee

Illustrated notes

Levels and vault maps discovered:
D:1:      dpeg_arrival_orchard, layout_basic, basic_ecumenical_altar,
          serial_bayou_crossing
D:2:      layout_loops_ring, serial_shops, shop, minmay_ruptured, uniq_natasha
D:3:      layout_loops_ring, uniq_crazy_yiuf_cottage, uniq_grinder, uniq_sigmund
D:4:      layout_loops_corners, uniq_ijyb
D:5:      layout_loops_ring, zin_purify, gammafunk_ghost_stat_death,
          doesnt_shop_hydraphobe
D:6:      layout_cave_pools, serial_gnoll_camp, gnoll_camp_huts_moat,
          gnoll_camp_mini_hut, gnoll_camp_mini_doghouse,
          gnoll_camp_mini_loothouse, gnoll_camp_mini_hut,
          kennysheep_generic_room_14
D:7:      layout_cave_pools, minmay_temple_entry_sparse_star, enter_bailey_6,
          serial_shops, kennysheep_little_box, uniq_pikel

Skill      XL: |  1  2  3  4  5  6  7  8  9 |
---------------+----------------------------+-----
Axes           | 3 4 5 7 8 |  8.4
Staves         | 5 6 |  6.2
Poison Magic   | 4 5 |  5.6
Fighting       | |  2.1
Throwing       | |  1.0
Armour         | |  1.1
Dodging        | |  1.7
Spellcasting   | |  2.1
Translocations | |  2.6

Action                   |  1- 3 |  4- 6 |  7- 9 || total
-------------------------+-------+-------+-------++-------
Melee: Hand axe          |   131 |   187 |   115 ||   433
       Lajatang          |       |       |   225 ||   225
 Abil: Dig               |       |     1 |     1 ||     2
Evoke: Wand              |       |       |     3 ||     3
  Use: Scroll            |       |       |     3 ||     3
       Potion            |       |       |     5 ||     5
 Stab: Sleeping          |       |       |     1 ||     1
Armor: Leather armour    |    40 |    54 |   136 ||   230
Dodge: Dodged            |    66 |   102 |   263 ||   431
       Repelled          |       |       |     1 ||     1
Block: Kite shield       |       |       |    70 ||    70
